 Dungeon Crawl Stone Soup version 0.23.1 (webtiles) character file.

Game seed: 5313553474802312636

48 Borgoz the Skirmisher (level 3, 0/29 (31) HPs)
             Began as a Ghoul Monk on Mar 17, 2019.
             Slain by a hobgoblin (2 damage)
             ... on level 1 of the Dungeon.
             The game lasted 00:01:37 (758 turns).

Borgoz the Skirmisher (Ghoul Monk)                   Turns: 758, Time: 00:01:38

HP:   0/29 (31)     AC:  4    Str: 14    XL:     3   Next: 72%
MP:   2/2           EV: 13    Int:  6    God:
Gold: 94            SH:  0    Dex: 11    Spells: 2/2 levels left

rFire    . . .     SeeInvis .   a - +0 short sword
rCold    + . .     Gourm    .   (no shield)
rNeg     + + +     Faith    .   b - +0 robe
rPois    ∞         Spirit   .   (no helmet)
rElec    .         Reflect  .   e - +1 cloak
rCorr    .         Harm     .   (no gloves)
MR       .....                  (no boots)
Stlth    ++........             (no amulet)
HPRegen  0.00/turn              (no ring)
MPRegen  0.08/turn              (no ring)

@: rotting
A: rotting body, claws 1, carnivore, cold resistance 1, negative energy
resistance 3, inhibited regeneration, torment resistance, unbreathing
a: no special abilities


You were on level 1 of the Dungeon.
You were not hungry.

You visited 1 branch of the dungeon, and saw 2 of its levels.

You collected 94 gold pieces.

Inventory:

Hand Weapons
 a - a +0 short sword (weapon)
Armour
 b - a +0 robe (worn)
 e - a +1 cloak (worn)
Scrolls
 g - a scroll of amnesia {unknown}
 h - 2 scrolls of identify {unknown}
 i - a scroll of enchant weapon {unknown}
 j - a scroll of fog {unknown}
Potions
 d - 2 potions of cancellation {unknown}
Comestibles
 c - 5 rations


   Skills:
 + Level 3.5 Fighting
 * Level 3.0 Short Blades
 * Level 1.3 Armour
 * Level 3.1 Dodging
 + Level 2.5 Stealth


You had 2 spell levels left.
You didn't know any spells.
Your spell library was empty.

Dungeon Overview and Level Annotations

Branches:
Dungeon (2/15)

Altars:


Innate Abilities, Weirdness & Mutations

Your body is rotting away.
You thrive on raw meat.
You are immune to poison.
You have sharp fingernails.
You are carnivorous and can eat meat at any time.
Your flesh is cold resistant. (rC+)
You are immune to negative energy. (rN+++)
You do not regenerate when monsters are visible.
You are immune to unholy pain and torment.
You can survive without breathing.


Message History

You miss the adder.
The adder is almost dead.
The hobgoblin barely misses you. The adder bites you.
* * * LOW HITPOINT WARNING * * *
You closely miss the adder.
The adder is almost dead.
The adder closely misses you. The hobgoblin hits you.
* * * LOW HITPOINT WARNING * * *
You closely miss the adder.
The adder is almost dead.
The adder closely misses you. The hobgoblin hits you.
* * * LOW HITPOINT WARNING * * *
You closely miss the adder.
The adder is almost dead.
The adder barely misses you. The hobgoblin closely misses you.
The adder misses you.
You closely miss the adder.
The adder is almost dead.
The hobgoblin hits you.
You die...

### ..# ..####### ........#
..#####.######## ..# #........###
### ##.......g@#
########.##.##.#S#
##.......##.##.#.# #######
......#####.##.#.# #......
............)#.#.##########.#####
...>..###......#............#
...)...........##############
......###.................#
......#...........)######.#


You could see an adder and a hobgoblin.

Vanquished Creatures
  2 oozes (D:1)
  2 dart slugs (D:1)
  2 bats (D:1)
  8 giant cockroaches (D:1)
  A hobgoblin (D:1)
  5 jackals (D:1)
  2 frilled lizards (D:1)
  6 goblins
  A kobold (D:1)
  A rat (D:1)
30 creatures vanquished.

Notes
Turn   | Place    | Note
-------+----------+-------------------------------------------
     0 | D:1      | Borgoz the Ghoul Monk began the quest for the Orb.
     0 | D:1      | Reached XP level 1. HP: 19/19 MP: 0/0
    98 | D:1      | Reached XP level 2. HP: 22/26 MP: 1/1
   305 | D:1      | Reached XP level 3. HP: 27/31 MP: 2/2
   328 | D:1      | Reached skill level 1 in Armour
   747 | D:2      | Noticed a bullfrog
   758 | D:1      | Slain by a hobgoblin

Skill      XL: |  1  2  3 |
---------------+----------+-----
Dodging        | 3 |  3.1
Short Blades   | 3 |  3.0
Armour         | 1 |  1.3
Fighting       | |  3.5
Stealth        | |  2.5

Action                   || total
-------------------------++-------
Melee: Short sword       ||   105
 Stab: Sleeping          ||     7
  Eat: Chunk             ||     2
Armor: Robe              ||    32
Dodge: Dodged            ||    67
